AoeStats
← 青山新雨 夜观星河

Black Forest

510298545Analyzed
4v4 RM · 3d ago on Sep 30, 2026· 51m 45s· 8 players
Game mode
Random Map
Map size
Large (8 player)
Population
200
Speed
Normal
Resources
Standard
Victory
Conquest
Starting age
Dark Age
Ending age
Imperial Age
RankedLock teamsTeams togetherTeam positionsShared explorationLock speedFull tech treeHidden civsTurbo modeCheats
Victory
Defeat
🇨🇳 Teutons · China
1076
+14
1073
+14
🇬🇧 Hindustanis · United Kingdom
1062
+15
🇮🇳 Italians · India
1046
+15
🇨🇳 Celts · China
1078
-16
🇦🇺 Italians · Australia
1060
-16
🇨🇱 Magyars · Chile
997
-13
🇨🇳 Mongols · China
995
-13
青山新雨 夜观星河
9:05 Loom
10:50 Feudal Age
14:57 Castle Age
12:55 Double-Bit Axe
12:53 Horse Collar
17:06 Wheelbarrow
21:34 Bow Saw
23:27 Heavy Plow
25:05 Gold Mining
29:49 Imperial Age
27:20 Loom
29:01 Hand Cart
28:55 Scale Mail Armor
29:14 Forging
29:27 Ballistics
29:54 Squires
29:15 Pikeman
30:49 Chain Mail Armor
31:10 Iron Casting
30:01 Man-at-Arms
30:48 Anarchy
31:24 Conscription
32:15 Two-Man Saw
34:34 Blast Furnace
32:58 Elite Huskarl
34:38 Fletching
36:15 Chemistry
35:53 Caravan
36:34 Halberdier
39:04 Murder Holes
40:53 Long Swordsman
42:36 Bodkin Arrow
42:39 Two-Handed Swordsman
44:01 Champion
49:16 Bracer
49:17 Padded Archer Armor
49:52 Crop Rotation
49:35 Masonry
49:35 Siphons
Lamlam
0:37 Loom
12:50 Feudal Age
18:00 Castle Age
15:59 Double-Bit Axe
16:22 Horse Collar
19:08 Bow Saw
20:29 Wheelbarrow
21:16 Stone Mining
24:08 Heavy Plow
27:31 Hand Cart
29:10 Gold Mining
33:10 Imperial Age
31:13 Fortified Wall
31:15 Masonry
31:09 Town Watch
32:14 Grand Trunk Road
33:20 Town Patrol
35:42 Chemistry
35:11 Conscription
35:04 Padded Archer Armor
36:09 Leather Archer Armor
36:04 Forging
36:00 Scale Barding Armor
35:59 Shatagni
37:38 Ring Archer Armor
38:23 Two-Man Saw
37:41 Bloodlines
37:31 Husbandry
36:52 Light Cavalry
37:54 Scale Mail Armor
38:32 Iron Casting
40:31 Gold Shaft Mining
40:32 Stone Shaft Mining
42:52 Elite Ghulam
44:41 Caravan
44:21 Hussar
49:10 Chain Barding Armor
50:23 Ballistics
50:09 Siege Engineers
VVS
0:28 Loom
11:11 Feudal Age
12:44 Wheelbarrow
17:04 Castle Age
15:33 Horse Collar
15:47 Double-Bit Axe
16:19 Gold Mining
16:50 Stone Mining
22:46 Caravan
23:58 Bow Saw
26:17 Town Watch
26:50 Hand Cart
26:46 Heavy Plow
29:59 Imperial Age
27:52 Fletching
28:05 Padded Archer Armor
29:08 Ballistics
29:24 Silk Road
29:20 Bodkin Arrow
29:42 Leather Archer Armor
31:11 Stone Shaft Mining
32:04 Chemistry
31:27 Conscription
31:49 Crop Rotation
32:22 Two-Man Saw
31:58 Bracer
33:09 Elite Skirmisher
33:58 Thumb Ring
33:14 Crossbowman
35:17 Ring Archer Armor
34:23 Elite Genoese Crossbowman
48:57 Arbalester
三脚猫功夫
1:37 Loom
10:40 Feudal Age
16:16 Castle Age
14:30 Double-Bit Axe
16:05 Horse Collar
21:55 Wheelbarrow
27:20 Imperial Age
25:55 Gold Mining
25:55 Stone Mining
25:56 Gold Mining
25:56 Stone Mining
26:09 Heavy Plow
26:22 Bow Saw
27:25 Capped Ram
29:06 Hand Cart
29:57 Two-Man Saw
29:47 Stone Shaft Mining
30:39 Chemistry
30:55 Conscription
33:11 Crop Rotation
34:19 Forging
34:10 Scale Mail Armor
34:44 Ironclad
35:17 Squires
36:28 Arson
38:04 Chain Mail Armor
38:24 Iron Casting
38:04 Chain Mail Armor
38:24 Iron Casting
38:37 Capped Ram
40:29 Blast Furnace
40:11 Plate Mail Armor
40:31 Crenellations
40:38 Ballistics
40:30 Masonry
40:26 Heavy Scorpion
41:58 Onager
45:14 Hoardings
44:30 Elite Teutonic Knight
47:11 Siege Onager
48:35 Siege Engineers
Dsaidm
10:40 Feudal Age
15:36 Castle Age
14:26 Double-Bit Axe
14:25 Horse Collar
15:08 Stone Mining
18:00 Loom
22:52 Bow Saw
25:47 Wheelbarrow
27:13 Heavy Plow
27:10 Gold Mining
28:15 Hand Cart
29:10 Bloodlines
29:00 Husbandry
34:01 Imperial Age
32:15 Town Watch
32:21 Fletching
32:32 Padded Archer Armor
32:37 Scale Barding Armor
32:36 Corvinian Army
32:59 Ballistics
32:52 Masonry
32:25 Treadmill Crane
33:04 Thumb Ring
33:51 Bodkin Arrow
34:11 Leather Archer Armor
35:45 Chemistry
34:36 Guard Tower
34:12 Elite Magyar Huszar
35:15 Conscription
35:18 Chain Barding Armor
35:06 Heavy Cavalry Archer
36:23 Recurve Bow
36:29 Recurve Bow
41:26 Plate Barding Armor
40:51 Bracer
41:22 Ring Archer Armor
40:53 Elite Skirmisher
挺拔的象拔蚌
9:23 Feudal Age
9:05 Loom
18:10 Castle Age
16:55 Double-Bit Axe
16:50 Horse Collar
17:04 Stone Mining
17:53 Gold Mining
19:41 Stone Shaft Mining
22:56 Bow Saw
25:57 Heavy Plow
28:35 Wheelbarrow
29:35 Gold Shaft Mining
32:18 Imperial Age
30:34 Fletching
30:44 Padded Archer Armor
31:12 Pikeman
31:53 Squires
32:13 Husbandry
32:24 Bloodlines
32:42 Hand Cart
31:52 Light Cavalry
32:44 Thumb Ring
32:48 Caravan
33:28 Parthian Tactics
33:25 Conscription
33:32 Nomads
34:28 Hussar
pacoyyds
10:16 Loom
12:08 Feudal Age
13:54 Horse Collar
14:00 Double-Bit Axe
14:17 Loom
15:27 Stone Mining
15:28 Gold Mining
20:00 Castle Age
21:09 Bow Saw
21:00 Heavy Plow
22:16 Fervor
28:05 Wheelbarrow
30:15 Gold Shaft Mining
30:17 Stone Shaft Mining
34:13 Imperial Age
32:03 Hand Cart
31:36 Town Watch
33:11 Caravan
33:31 Town Patrol
34:00 Murder Holes
34:28 Ballistics
34:21 Masonry
34:07 Murder Holes
34:17 Stronghold
34:21 Heavy Scorpion
35:26 Furor Celtica
36:45 Conscription
37:49 Chemistry
38:16 Capped Ram
42:47 Arrowslits
43:12 Siege Engineers
42:56 Arrowslits
chromies
1:22 Loom
11:37 Feudal Age
12:20 Double-Bit Axe
14:07 Wheelbarrow
15:16 Wheelbarrow
18:11 Castle Age
16:05 Horse Collar
19:00 Heavy Plow
26:34 Gold Mining
27:09 Bow Saw
26:55 Stone Mining
29:24 Hand Cart
32:06 Imperial Age
31:02 Silk Road
30:46 Caravan
32:57 Elite Genoese Crossbowman
33:58 Conscription
33:05 Elite Genoese Crossbowman
34:09 Town Watch
34:20 Fletching
34:31 Padded Archer Armor
34:36 Scale Barding Armor
34:43 Forging
34:33 Scale Mail Armor
35:43 Squires
35:28 Arson
35:43 Bodkin Arrow
36:03 Leather Archer Armor
36:26 Coinage
36:33 Bodkin Arrow
37:45 Hoardings
37:21 Town Patrol
38:40 Two-Man Saw
38:21 Ballistics
39:01 Chemistry
38:12 Masonry
38:18 Bloodlines
38:09 Husbandry
37:37 Cavalier
Connection lost

Rejoining the realm…

Still unreachable

The connection could not be restored.

Session expired

The server has moved on; the page needs a fresh start.